 Dungeon Crawl Stone Soup version 0.20-a0-214-gb74cb0e (webtiles) character file.

126905 kuniqs the Champion of Chaos (level 16, -1/96 HPs)
             Began as a Demonspawn Fire Elementalist on Nov 27, 2016.
             Was the Champion of Makhleb.
             Slain by Protee's ghost (6 damage)
             ... on level 3 of the Swamp.
             The game lasted 02:23:03 (32798 turns).

kuniqs the Champion of Chaos (DsFE)                Turns: 32798, Time: 02:23:05

Health: -1/96      AC: 10    Str: 18    XL:     16   Next: 44%
Magic:  21/33      EV: 25    Int: 24    God:    Makhleb [******]
Gold:   588        SH: 13    Dex: 23    Spells: 1/36 levels left

rFire  . . .     SeeInvis .     L - +9 long sword "Ysaotzeisa" {flame, Str+3 Dex+4}
rCold  + . .     Gourm    .     X - +2 robe {Archmagi}
rNeg   . . .     Faith    .     R - +0 shield
rPois  +         Spirit   .     T - +2 hat
rElec  +         Reflect  .     N - +0 cloak
rCorr  .         Harm     .     U - +2 pair of gloves {Str+3}
MR     +....                    (boots unavailable)
Stlth  ++++......               n - amulet of magic regeneration
                                V - ring "Isyhochu" {*Corrode rElec rPois rC+ Str-3}
                                k - ring of wizardry

@: mighty, agile, heavily drained
A: hooves 3, repulsion field 1, clever 1, high mp 1, powered by pain 2, wild
magic 1, rot immunity
a: Minor Destruction, Lesser Servant of Makhleb, Major Destruction, Greater
Servant of Makhleb, Renounce Religion


You were on level 3 of the Swamp.
You worshipped Makhleb.
Makhleb was exalted by your worship.
You were hungry.

You visited 6 branches of the dungeon, and saw 29 of its levels.
You also visited: Labyrinth, Ossuary and Ice Cave.

You collected 2700 gold pieces.
You spent 2112 gold pieces at shops.

Inventory:

Hand Weapons
 L - the +9 long sword "Ysaotzeisa" (weapon) {flame, Str+3 Dex+4}
   (You found it on level 2 of the Lair of Beasts)

   It has been specially enchanted to burn those struck by it, causing extra
   injury to most foes and up to half again as much damage against particularly
   susceptible opponents.
   Big, fiery blades are also staple armaments of hydra-hunters.
   It affects your strength (+3).
   It affects your dexterity (+4).
 W - the cursed +2 rapier "Orb Guardian's Peril" {freeze, rElec}
   (You bought it in a shop on level 2 of the Orcish Mines)

   It has been specially enchanted to freeze those struck by it, causing extra
   injury to most foes and up to half again as much damage against particularly
   susceptible opponents.
   It can also slow down cold-blooded creatures.
   It insulates you from electricity.
   It has a curse placed upon it.
Missiles
 v - 4 throwing nets (quivered)
Armour
 N - a +0 cloak (worn)
 R - a +0 shield (worn)
 T - a +2 hat (worn)
 U - a +2 pair of gloves of strength (worn)
 X - a +2 robe of the Archmagi (worn)
Magical Staves
 B - an uncursed staff of fire
 G - an uncursed staff of wizardry
 P - an uncursed staff of conjuration
Jewellery
 k - a ring of wizardry (left hand)
 l - the ring of Eternal Night {Str-2 Int+5 Stlth+}
   (You found it on level 15 of the Dungeon)

   [ring of stealth]

   It affects your strength (-2).
   It affects your intelligence (+5).
   It makes you more stealthy.
 n - an amulet of magic regeneration (around neck)
 O - the ring of Weiguedi {MR++ Int-2 Slay+3}
   (You bought it in a shop on level 2 of the Orcish Mines)

   [ring of slaying]

   It affects your intelligence (-2).
   It affects your accuracy and damage with ranged weapons and melee attacks
   (+3).
   It affects your resistance to hostile enchantments.
 V - the ring "Isyhochu" (right hand) {*Corrode rElec rPois rC+ Str-3}
   (You bought it in a shop on level 2 of the Orcish Mines)

   [ring of protection from cold]

   It affects your strength (-3).
   It protects you from cold.
   It insulates you from electricity.
   It protects you from poison.
   It may corrode you when you take damage.
Wands
 j - a wand of iceblast (9/15)
 D - a wand of disintegration (15/24)
 Q - a wand of paralysis (9/24)
Scrolls
 b - 3 scrolls of teleportation
 c - 5 scrolls of magic mapping
 h - 3 scrolls of enchant armour
 i - 4 scrolls of fog
 m - 3 scrolls of immolation
 o - 2 scrolls of amnesia
 p - 3 scrolls of recharging
 q - 7 scrolls of enchant weapon
 w - 3 scrolls of fear
 y - 6 scrolls of identify {@r1}
 z - 5 scrolls of remove curse {@r2}
 C - a scroll of vulnerability
 I - 4 scrolls of summoning
 J - a scroll of blinking
Potions
 a - 7 potions of curing {@q1}
 g - 7 potions of heal wounds
 r - 4 potions of ambrosia
 s - 2 potions of agility
 u - 3 potions of resistance
 x - 4 potions of brilliance
 A - 6 potions of might
 E - a potion of cancellation
 F - a potion of invisibility
 H - 2 potions of berserk rage
 S - 2 potions of flight
Books
 t - a Fen Folio

   Spells                             Type                      Level
   a - Corpse Rot                     Necromancy                   2
   b - Stone Arrow                    Conjuration/Earth            3
   c - Leda's Liquefaction            Hexes/Earth                  4
   d - Summon Forest                  Summoning/Translocation      5
   e - Hydra Form                     Transmutation                6
   f - Summon Hydra                   Summoning                    7
Comestibles
 d - 13 bread rations
 e - 12 meat rations
 f - 5 fruits
 M - a slice of pizza
 Y - 10 chunks of flesh


   Skills:
 - Level 8.1(6.6) Long Blades
 - Level 9.4(7.9) Dodging
 - Level 7.0(5.5) Stealth
 + Level 13.0(11.3) Shields
 + Level 10.6(9.1) Spellcasting
 - Level 10.6(9.1) Conjurations
 - Level 3.9(2.6) Hexes
 - Level 2.0(0.7) Translocations
 - Level 8.4(7.0) Fire Magic
 - Level 16.3(14.5) Invocations


You had one spell level left.
You knew the following spells:

 Your Spells              Type           Power        Failure   Level  Hunger
a - Flame Tongue          Conj/Fire      #####        1%          1    None
b - Conjure Flame         Conj/Fire      #######.     1%          3    None
c - Sticky Flame          Conj/Fire      #######.     2%          4    ##.....
d - Inner Flame           Hex/Fire       ######..     3%          3    None
e - Fireball              Conj/Fire      #######...   7%          5    ####...
f - Fulminant Prism       Conj/Hex       ######....   6%          4    ##.....
g - Iskenderun's Mystic   Conj           #######.     1%          4    ##.....
h - Orb of Destruction    Conj           #######...   89%         7    #######
i - Blink                 Tloc           N/A          7%          2    None
j - Corpse Rot            Necr           N/A          10%         2    None


Dungeon Overview and Level Annotations

Branches:
Dungeon (15/15)            Temple (1/1) D:5            Lair (6/6) D:8
  Swamp (4/4) Lair:3       Spider (0/4) Lair:4        Slime (0/5) Lair:6
    Orc (2/2) D:12            Elf (0/3) Orc:2        Vaults (0/5) D:13
 Depths (1/5) D:15

Altars:
Ashenzari
Cheibriados
Dithmenos
Elyvilon
Fedhas
Gozag
Hepliaklqana
Kikubaaqudgha
Makhleb
Nemelex Xobeh
Okawaru
Qazlal
Ru
Sif Muna
Trog
Uskayaw
Vehumet
Xom
Yredelemnul
Zin
The Shining One
Beogh

Shops:
D:4 ?   D:9 [   D:13 %   D:14 :   Orc:2 ?=?[(%

Annotations:
D:12 exclusion: 2 downstairs
Swamp:3 Protee's ghost, adept HOFi


Innate Abilities, Weirdness & Mutations

You have hooves in place of feet.
You are surrounded by a mild repulsion field. (EV +2)
You sometimes gain power by taking damage.
You are immune to rotting.
Your mind is acute. (Int +2)
You have an increased reservoir of magic. (+10% MP)
Your spells are a little harder to cast, but a little more powerful.


Message History

Here: a balrug, wielding a demon whip (friendly, summoned)
The floor.
A demon appears!
Protee's ghost hits you!!
You focus on the pain.
You feel very mighty all of a sudden.
You feel drained.
Your balrug gestures at Protee's ghost.
Protee's ghost is smitten.
You hit Protee's ghost but do no damage.
Protee's ghost hits you!
* * * LOW HITPOINT WARNING * * *
You focus on the pain.
You feel mightier all of a sudden.
You feel drained.
* * * LOW HITPOINT WARNING * * *
Protee's ghost hits you!
* * * LOW HITPOINT WARNING * * *
You focus on the pain.
You feel more agile all of a sudden.
You feel drained.
You die...

♣≈.≈..♣ ♣♣ ♣.♣.≈.♣♣
♣♣.♣ ♣♣.♣.§♣.♣♣ ♣..♣♣
♣.♣♣.≈...♣♣♣♣
♣≈..♣♣♣♣.♣♣.≈....♣.♣
♣♣§≈.♣♣≈..♣♣.≈.♣≈...♣
♣♣...≈♣.≈≈.♣♣.♣.♣≈.≈<♣
♣♣≈≈.≈≈.♣.≈≈♣♣.≈.♣♣.≈.♣
♣....2@♣.≈≈.♣♣≈≈≈♣♣<≈.♣
♣♣...2W♣♣≈♣♣.♣≈≈.♣♣♣..≈
♣.....§[..♣ ♣♣...♣ ♣≈≈≈
≈.≈.....§≈≈...♣♣♣≈♣
♣≈≈≈ ≈≈♣.≈≈≈§≈≈§≈.♣♣
♣≈≈≈ ≈≈≈.≈§≈§≈≈♣≈.♣
♣≈≈≈ ≈≈≈.≈§§♣≈≈≈≈≈♣ ♣.
♣♣.≈ .≈♣≈≈≈≈...≈≈.♣ ♣≈≈
♣♣.≈ ♣≈.≈....♣.♣≈.♣
♣≈≈♣ ♣.≈.


You could see Protee's ghost, a friendly balrug and a friendly blizzard demon.

Vanquished Creatures
  6 thorn hunters
  An orc warlord (Orc:2)
  Louise (Swamp:2)
  Nessos (Lair:5)
  A minotaur (Lab)
  A yaktaur captain (D:15)
  The ghost of WereVolvo the Transmogrifier, a journeyman DrTm of Cheibriados (D:9)
  Erica (D:9)
  15 hydras
  7 alligators
  2 catoblepae (Lair:6)
  6 centaur warriors
  An anaconda (Swamp:1)
  18 death yaks
  2 death knights
  A deep troll shaman (Lair:6)
  Urug (D:13)
  4 orc high priests (Orc:2)
  Nergalle (Lair:4)
  3 spriggans (Swamp:3)
  2 unseen horrors
  5 shambling mangroves
  3 hill giants
  2 swamp dragons (Swamp:1)
  A phantasmal warrior (D:15)
  2 orc knights (Orc:2)
  3 deep elf magi
  A wizard (D:15)
  2 ugly things
  3 oklob plants
  7 orc sorcerers (Orc:2)
  A cyclops (D:15)
  A manticore (D:15)
  14 elephants
  5 black mambas
  4 gargoyles
  14 spiny frogs
  4 freezing wraiths (D:15)
  An efreet (D:13)
  11 komodo dragons
  A yaktaur (D:15)
  3 trolls
  A two-headed ogre (D:9)
  2 minotaur skeletons (Lab)
  7 blink frogs
  6 bog bodies
  4 tyrant leeches
  12 hornets
  13 slime creatures
  Prince Ribbit (D:5)
  2 dream sheep (Lair:6)
  7 hippogriffs
  A vampire (D:15)
  2 wraiths (D:14)
  3 shadows
  27 yaks
  5 basilisks
  2 wyverns
  11 vampire mosquitoes
  16 humans
  6 hungry ghosts
  2 steam dragons
  Menkaure (D:6)
  7 insubstantial wisps
  A warg (Orc:1)
  9 swamp worms
  A soldier ant (D:14)
  11 porcupines
  Duvessa (D:6)
  7 water moccasins
  31 orc warriors
  7 swamp drakes
  7 sky beasts
  2 black bears (Lair:6)
  4 ice beasts
  15 ogres
  The ghost of feito the Skirmisher, an amateur FoAK of Lugonu (D:3)
  13 wolves
  15 centaurs
  10 crocodiles
  3 big kobolds
  16 bullfrogs
  A gnoll sergeant (D:7)
  Dowan (D:6)
  4 scorpions
  13 wights
  2 electric eels
  5 howler monkeys
  7 crimson imps
  3 bullfrog zombies
  6 centaur zombies
  A quasit (D:14)
  6 hounds
  A human zombie (Ossuary)
  19 orc priests
  6 centaur skeletons
  6 gnoll shamans
  7 jellies
  26 orc wizards
  An iron imp (Orc:1)
  4 iguanas
  14 worker ants
  A killer bee zombie (D:6)
  A big kobold zombie (Ossuary)
  A hound skeleton (D:4)
  5 mummies (Ossuary)
  2 howler monkey zombies
  2 worker ant zombies
  13 adders
  23 gnolls
  3 shadow imps
  13 white imps
  2 oozes
  An adder zombie (D:5)
  4 worms
  6 dart slugs
  10 leopard geckos
  83 orcs
  5 ball pythons (Swamp:1)
  7 giant cockroaches
  2 gnoll zombies (Ossuary)
  6 goblins
  5 hobgoblins
  4 jackals (D:2)
  6 quokkas
  9 bats
  4 frilled lizards
  A goblin zombie (Ossuary)
  21 kobolds
  A kobold zombie (Ossuary)
  A leopard gecko skeleton (D:8)
  An orc zombie (Ossuary)
  A quokka skeleton (D:8)
  A quokka zombie (D:5)
  14 rats
  7 briar patches (Swamp:2)
  A fulminant prism (Swamp:3)
  A fungus (Swamp:2)
  2 plants (D:7)
859 creatures vanquished.

Vanquished Creatures (collateral kills)
  Rupert (D:13)
  A shambling mangrove (Swamp:1)
  A hornet (Swamp:1)
  A hippogriff (Lair:6)
  A basilisk (Lair:6)
  An orc wizard (D:13)
6 creatures vanquished.

Vanquished Creatures (others)
  An elephant (Lair:6)
  A komodo dragon (Swamp:3)
  3 dream sheep (Lair:6)
  A bush (Lair:6)
  4 fulminant prisms
  14 fungi
  19 plants
43 creatures vanquished.

Grand Total: 908 creatures vanquished

Notes
Turn   | Place    | Note
-------+----------+-------------------------------------------
     0 | D:1      | kuniqs the Demonspawn Fire Elementalist began the quest for the Orb.
     0 | D:1      | Reached XP level 1. HP: 13/13 MP: 3/3
   610 | D:1      | Gained mutation: You have large cloven feet. [demonic ancestry]
   610 | D:1      | Reached XP level 2. HP: 15/19 MP: 0/5
  1166 | D:1      | Found a snail-covered altar of Cheibriados.
  1714 | D:2      | Gained mutation: You have hoof-like feet. [demonic ancestry]
  1714 | D:2      | Reached XP level 3. HP: 22/24 MP: 0/6
  1783 | D:2      | Learned a level 3 spell: Conjure Flame
  2112 | D:2      | Reached XP level 4. HP: 30/30 MP: 4/8
  2157 | D:2      | Learned a level 4 spell: Sticky Flame
  2160 | D:3      | Noticed feito's ghost (amateur FoAK)
  3472 | D:5      | Entered Level 5 of the Dungeon
  3472 | D:5      | Found a blossoming altar of Fedhas.
  3552 | D:4      | Gained mutation: You are surrounded by a mild repulsion field. (EV +2) [demonic ancestry]
  3552 | D:4      | Reached XP level 5. HP: 32/35 MP: 6/10
  3849 | D:4      | Noticed a centaur
  3856 | D:4      | Killed a centaur
  3856 | D:4      | Reached XP level 6. HP: 24/41 MP: 3/11
  3880 | D:4      | Learned a level 3 spell: Inner Flame
  3983 | D:4      | Found a white marble altar of Elyvilon.
  4603 | D:4      | Found Deuvu's Magic Scroll Emporium.
  4606 | D:4      | Bought a scroll of magic mapping for 49 gold pieces
  4606 | D:4      | Bought a scroll of fear for 49 gold pieces
  4686 | D:4      | Bought a scroll of identify for 28 gold pieces
  4985 | D:4      | Reached XP level 7. HP: 43/46 MP: 4/13
  5372 | D:5      | Found a staircase to the Ecumenical Temple.
  5377 | Temple   | Entered the Ecumenical Temple
  5793 | D:5      | Reached skill level 5 in Fire Magic
  6000 | D:5      | Noticed Prince Ribbit
  6521 | D:5      | Reached skill level 5 in Conjurations
  6616 | D:5      | Found an iron altar of Okawaru.
  6624 | D:5      | Reached skill level 5 in Spellcasting
  6934 | D:6      | Learned a level 5 spell: Fireball
  6992 | D:6      | Gained mutation: You are immune to rotting. [demonic ancestry]
  6992 | D:6      | Reached XP level 8. HP: 52/52 MP: 3/15
  7253 | D:6      | Noticed Duvessa
  7256 | D:6      | Noticed Dowan
  7259 | D:6      | Killed Duvessa
  7468 | D:6      | Killed Dowan
  7772 | D:6      | Noticed Menkaure
  7877 | D:6      | Killed Menkaure
  8006 | D:6      | Noticed a cyclops
  8010 | D:6      | WUT?
  8280 | D:7      | Gained mutation: You sometimes gain a little power by taking damage. [demonic ancestry]
  8280 | D:7      | Reached XP level 9. HP: 57/57 MP: 9/18
  8862 | D:8      | Found a sand-covered staircase.
  8886 | Ossuary  | Entered an ossuary
  9682 | D:5      | Killed Prince Ribbit
 10086 | D:3      | Killed feito's ghost
 10321 | D:7      | Got a twisted ring mail
 10322 | D:7      | Identified the cursed +1 ring mail of Beogh's Approval {rF- Str+5 Slay+2 SInv} (You found it on level 7 of the Dungeon)
 10327 | D:7      | Gained mutation: Your spells are a little harder to cast, but a little more powerful. [potion of mutation]
 10327 | D:7      | Gained mutation: Your mind is acute. (Int +2) [potion of mutation]
 10327 | D:7      | Gained mutation: You have an increased reservoir of magic. (+10% MP) [potion of mutation]
 10597 | D:7      | Gained mutation: You have hooves in place of feet. [demonic ancestry]
 10597 | D:7      | Reached XP level 10. HP: 45/63 MP: 2/23
 11193 | D:7      | Found a shattered altar of Ashenzari.
 11593 | D:9      | Noticed WereVolvo's ghost (journeyman DrTm)
 12447 | D:9      | Found Unashra's Antique Armour Emporium.
 12520 | D:9      | Noticed Erica
 13008 | D:9      | Got a faintly glowing long sword
 13023 | D:9      | Identified the +9 long sword of Foaceecw {venom, rF+ Str+3} (You found it on level 9 of the Dungeon)
 13092 | D:10     | Entered Level 10 of the Dungeon
 13118 | D:9      | Killed Erica
 13118 | D:9      | Reached skill level 5 in Dodging
 13167 | D:9      | Learned a level 4 spell: Fulminant Prism
 13172 | D:9      | Learned a level 4 spell: Iskenderun's Mystic Blast
 13224 | D:9      | Found a burning altar of Makhleb.
 13230 | D:9      | Became a worshipper of Makhleb the Destroyer
 13302 | D:8      | Found a staircase to the Lair.
 13311 | Lair:1   | Entered Level 1 of the Lair of Beasts
 13311 | Lair:1   | Found a blossoming altar of Fedhas.
 13312 | Lair:1   | TIER I
 13354 | Lair:1   | Noticed a spiny frog
 13366 | Lair:1   | Killed a spiny frog
 13366 | Lair:1   | Reached XP level 11. HP: 68/68 MP: 8/26
 13841 | Lair:2   | Reached skill level 5 in Stealth
 14056 | Lair:2   | Found a frozen archway.
 14145 | IceCv    | Entered an ice cave
 14145 | IceCv    | Noticed a white ugly thing
 14277 | Lair:2   | Got a polished long sword
 14278 | Lair:2   | Identified the +9 long sword "Ysaotzeisa" {flame, Str+3 Dex+4} (You found it on level 2 of the Lair of Beasts)
 14338 | Lair:2   | Reached * piety under Makhleb
 14406 | Lair:2   | Noticed a five-headed hydra
 14415 | Lair:2   | Killed a four-headed hydra
 15311 | Lair:2   | Reached skill level 10 in Spellcasting
 15841 | Lair:3   | Found a staircase to the Swamp.
 16004 | Lair:3   | Reached skill level 1 in Invocations
 16114 | Lair:3   | Reached skill level 1 in Hexes
 16217 | Lair:3   | Reached skill level 2 in Invocations
 16316 | Lair:4   | Reached skill level 3 in Invocations
 16316 | Lair:4   | Reached XP level 12. HP: 74/74 MP: 17/28
 16338 | Lair:4   | Noticed Nergalle
 16342 | Lair:4   | Killed Nergalle
 16342 | Lair:4   | Reached skill level 4 in Invocations
 16543 | Lair:5   | Noticed Nessos
 16548 | Lair:5   | Killed Nessos
 16548 | Lair:5   | Reached skill level 5 in Invocations
 16664 | Lair:4   | Learned a level 7 spell: Orb of Destruction
 16917 | Lair:4   | Reached ** piety under Makhleb
 16962 | Lair:4   | Got a steaming leather armour
 16963 | Lair:4   | Identified the +0 leather armour "Eqoduhy" {rElec} (You found it on level 4 of the Lair of Beasts)
 17013 | Lair:4   | Reached skill level 6 in Invocations
 17211 | Lair:4   | Found a hole to the Spider Nest.
 17411 | Lair:4   | Noticed a death yak
 17412 | Lair:4   | Noticed a death yak
 17412 | Lair:4   | Noticed a death yak
 17415 | Lair:4   | Noticed a death yak
 17417 | Lair:4   | Noticed a death yak
 17417 | Lair:4   | Killed a death yak
 17418 | Lair:4   | Noticed a death yak
 17418 | Lair:4   | Killed a death yak
 17428 | Lair:4   | Killed a death yak
 17428 | Lair:4   | Reached skill level 7 in Invocations
 17435 | Lair:4   | Killed a death yak
 17438 | Lair:4   | Killed a death yak
 17444 | Lair:4   | Killed a death yak
 17504 | Lair:5   | Noticed a four-headed hydra
 17507 | Lair:5   | Reached skill level 8 in Invocations
 17515 | Lair:5   | Killed a one-headed hydra
 17566 | Lair:5   | Noticed a death yak
 17568 | Lair:5   | Noticed a death yak
 17568 | Lair:5   | Noticed a death yak
 17582 | Lair:5   | Noticed a death yak
 17594 | Lair:5   | Killed a death yak
 17638 | Lair:5   | Noticed a death yak
 17640 | Lair:5   | Noticed a death yak
 17679 | Lair:4   | Killed a death yak
 17725 | Lair:5   | Killed a death yak
 17725 | Lair:5   | Reached skill level 1 in Long Blades
 17734 | Lair:4   | Killed a death yak
 17734 | Lair:4   | Reached skill level 10 in Conjurations
 17734 | Lair:4   | Reached XP level 13. HP: 79/79 MP: 16/29
 17747 | Lair:5   | Reached skill level 9 in Invocations
 17818 | Lair:6   | Entered Level 6 of the Lair of Beasts
 18127 | Lair:6   | Reached *** piety under Makhleb
 18133 | Lair:6   | Found a labyrinth entrance.
 18150 | Lair:6   | Reached skill level 10 in Invocations
 18172 | Lab      | Entered a labyrinth
 18762 | Lab      | Reached skill level 1 in Shields
 18929 | Lab      | Noticed a minotaur
 18936 | Lab      | Killed a minotaur
 19238 | Lab      | Identified the Volume of the Ashen Glacier
 19871 | Lair:6   | Reached skill level 11 in Invocations
 20193 | Lair:5   | Reached skill level 5 in Long Blades
 20458 | Lair:6   | Found a staircase to the Slime Pits.
 20750 | Lair:6   | Reached **** piety under Makhleb
 20761 | Lair:6   | Reached XP level 14. HP: 70/85 MP: 12/30
 20771 | Lair:6   | Reached skill level 12 in Invocations
 20782 | Lair:6   | Reached skill level 5 in Shields
 21302 | D:9      | Killed WereVolvo's ghost
 23098 | D:13     | Found a gate to the Vaults.
 23098 | D:13     | Noticed Urug
 23098 | D:13     | Noticed Rupert
 23151 | D:12     | Learned a level 2 spell: Blink
 23187 | D:12     | Found a staircase to the Orcish Mines.
 23209 | Orc:1    | Entered Level 1 of the Orcish Mines
 23333 | D:12     | Reached ***** piety under Makhleb
 23334 | D:12     | Reached skill level 1 in Translocations
 23776 | Orc:1    | Found a roughly hewn altar of Beogh.
 23782 | Orc:2    | Entered Level 2 of the Orcish Mines
 24036 | Orc:1    | Reached skill level 13 in Invocations
 24594 | Orc:2    | Found Misk's Jewellery Emporium.
 24849 | Orc:2    | Paralysed by an orc sorcerer for 6 turns
 24972 | Orc:2    | Noticed an orc warlord
 25135 | Orc:2    | Found a roughly hewn altar of Beogh.
 25155 | Orc:2    | Found a roughly hewn altar of Beogh.
 25207 | Orc:2    | Killed an orc warlord
 25262 | Orc:2    | Found Qaqaruni's Antique Weapon Shop.
 25263 | Orc:2    | Found a roughly hewn altar of Beogh.
 25266 | Orc:2    | Found Wathorel's Antique Armour Boutique.
 25277 | Orc:2    | Bought a pair of glowing gloves for 252 gold pieces
 25310 | Orc:2    | Found Xeefaytt's Magic Scroll Emporium.
 25327 | Orc:2    | Found a staircase to the Elven Halls.
 25380 | Orc:2    | Found a roughly hewn altar of Beogh.
 25382 | Orc:2    | Found Penill's Magic Scroll Boutique.
 25456 | Orc:2    | Found a roughly hewn altar of Beogh.
 25520 | Orc:2    | Found a roughly hewn altar of Beogh.
 25587 | Orc:2    | Found Ejasik's Food Shop.
 25695 | Orc:2    | Found a roughly hewn altar of Beogh.
 25766 | Orc:2    | Reached ****** piety under Makhleb
 25883 | Orc:2    | Bought an ebony mace for 240 gold pieces
 25883 | Orc:2    | Bought a bone rapier for 270 gold pieces
 25883 | Orc:2    | Identified the +9 mace "Qitemn" {holy, Str+3} (You bought it in a shop on level 2 of the Orcish Mines)
 25885 | Orc:2    | Identified the cursed +2 rapier "Orb Guardian's Peril" {freeze, rElec} (You bought it in a shop on level 2 of the Orcish Mines)
 26014 | Orc:2    | Bought the ring of Weiguedi {MR++ Int-2 Slay+3} for 786 gold pieces
 26014 | Orc:2    | Bought the ring "Isyhochu" {*Corrode rElec rPois rC+ Str-3} for 438 gold pieces
 26375 | D:15     | Entered Level 15 of the Dungeon
 26493 | D:15     | Found a shadowy altar of Dithmenos.
 26515 | D:15     | Gained mutation: You sometimes gain power by taking damage. [demonic ancestry]
 26515 | D:15     | Reached XP level 15. HP: 90/90 MP: 19/32
 26562 | D:15     | Got a slimy copper ring
 26563 | D:15     | Identified the ring of Eternal Night {Str-2 Int+5 Stlth+} (You found it on level 15 of the Dungeon)
 27146 | D:15     | Found a staircase to the Depths.
 27162 | Depths:1 | Entered Level 1 of the Depths
 27673 | D:14     | Found Ykoa's Book Emporium.
 27832 | D:14     | Reached skill level 10 in Shields
 28392 | D:13     | Killed Urug
 28892 | D:13     | Killed Rupert
 29142 | D:13     | Reached skill level 14 in Invocations
 29399 | D:13     | Found Jucyiv's Food Shoppe.
 29750 | Swamp:1  | Entered Level 1 of the Swamp
 30074 | Swamp:3  | Noticed Protee's ghost (adept HOFi)
 30084 | Swamp:2  | Noticed a thorn hunter
 30198 | Swamp:2  | Noticed Louise
 30204 | Swamp:2  | Killed Louise
 30385 | Swamp:1  | Reached skill level 15 in Invocations
 31110 | Swamp:2  | Killed a thorn hunter
 31118 | Swamp:2  | Noticed a thorn hunter
 31123 | Swamp:2  | Killed a thorn hunter
 31247 | Swamp:2  | Noticed a thorn hunter
 31255 | Swamp:2  | Killed a thorn hunter
 31255 | Swamp:2  | Reached XP level 16. HP: 96/96 MP: 22/33
 31261 | Swamp:2  | Noticed a thorn hunter
 31271 | Swamp:2  | Killed a thorn hunter
 31672 | Swamp:3  | Reached skill level 16 in Invocations
 32175 | Swamp:2  | Learned a level 2 spell: Corpse Rot
 32367 | Swamp:3  | Noticed a thorn hunter
 32373 | Swamp:3  | Killed a thorn hunter
 32639 | Swamp:4  | Entered Level 4 of the Swamp
 32639 | Swamp:4  | Noticed a thorn hunter
 32641 | Swamp:4  | Killed a thorn hunter
 32798 | Swamp:3  | Slain by Protee's ghost

Vault maps used:
D:1:      sevenhm_arrival_forest_fort_small_4, serial_co_window_serial,
          co_window_corner_a, co_window_corner_a, co_window_paths_b,
          co_window_corner_a, co_window_of_opportunity_a,
          co_window_of_opportunity_b, co_window_2corner, co_window_2corner,
          co_window_2corner, co_window_paths_e, co_window_4corner_b,
          glass_columns_a, glass_columns_a, glass_columns_a, glass_columns_a,
          roderic_roman_lattice, minmay_misc_feat_tower, cheibriados_altar_1
D:3:      moated_statue
D:4:      overflow_temple_1_default, serial_shops, kennysheep_mini_moat,
          minmay_misc_feat_enclosed, moated_statue
D:5:      chequers_temple_overflow_statue_of_worship, serial_undead,
          serial_undead_b, serial_undead_b, serial_undead_c, serial_undead_d,
          first_bread, minmay_lizard_king, uniq_prince_ribbit1
D:6:      hangedman_decor_slide_cut, hangedman_minor_gate_pass, uniq_menkaure,
          uniq_duvessa
D:7:      kennysheep_seaside_town, old_standard_altar
D:8:      lair_entry_dummy, nicolae_ossuary_entry_ruins
D:9:      overflow_temple_1_default, serial_shops, shop, uniq_erica
D:12:     orc_0_dummy
D:13:     david_vaults_3, serial_shops, shop
D:14:     serial_shops, shop
D:15:     grunt_enter_depths_snipers, nicolae_dithmenos_shadow_blocks
Temple:   eino_temple_rhombus
Lair:1:   basic_altar
Lair:2:   portal_ice_cave_entry_imps, grunt_megastairs_4,
          infiniplex_staircase_pool_2
Lair:3:   swamp_mist, minmay_holes
Lair:4:   nicolae_spider_entry_non_spiders, uniq_nergalle
Lair:5:   uniq_nessos
Lair:6:   grunt_lair_end_beastmaster, nicolae_slime_entry_slimehenge,
          lab_entry_generic, grunt_megastairs_5
Swamp:1:  serial_swamp_ruin, evilmike_swamp_ruin_rubble_2,
          evilmike_swamp_ruin_house_2, evilmike_swamp_ruin_house_4,
          nicolae_swamp_snake_nest
Swamp:2:  nicolae_swamp_phyte_club, nicolae_swamp_stair_fork, swamp_pool2,
          uniq_louise
Swamp:3:  hangedman_swamp_ruin_wall
Swamp:4:  swamp, infiniplex_staircase_pool
Orc:1:    basic_altar, hangedman_minor_magic
Orc:2:    grunt_orc_community_town_hall, grunt_orc_community_big_house_1,
          grunt_orc_community_big_house_2, grunt_orc_community_house_1,
          grunt_orc_community_house_2, grunt_orc_community_house_3,
          grunt_orc_community_house_3, grunt_orc_community_house_1,
          serial_shops, shop, shop, mines1_david
Depths:1: hell_entry, hangedman_abyss_or_decor_stagger, spider_trap,
          uniq_nikola, uniq_asterion, uniq_enchantress
Lab:      nicolae_lab_dead_adventurers, nicolae_lab_flowing_pool,
          nicolae_lab_garden, nicolae_lab_dead_end, nicolae_lab_blocks,
          nicolae_lab_very_dead_end, labyrinth_skeletal_remains
Ossuary:  ossuary_crypta
IceCv:    ice_cave_statue_garden_teleport

Skill      XL: |  1  2  3  4  5  6  7  8  9 10 11 12 13 14 15 16 |
---------------+-------------------------------------------------+-----
Fire Magic     | 3 4 5 6 8 |  8.4
Conjurations   | 2 3 4 5 6 8 10 | 10.6
Spellcasting   | 3 4 5 6 7 9 10 | 10.6
Dodging        | 3 5 7 9 |  9.4
Stealth        | 4 7 |  7.0
Invocations    | 3 8 11 13 15 16 | 16.3
Hexes          | 2 3 |  3.9
Long Blades    | 1 5 8 |  8.1
Shields        | 4 8 12 13 | 13.0
Translocations | 2 |  2.0

Action                   |  1- 3 |  4- 6 |  7- 9 | 10-12 | 13-15 | 16-18 || total
-------------------------+-------+-------+-------+-------+-------+-------++-------
Melee: Dagger            |    23 |       |       |       |       |       ||    23
       Kick              |     9 |     3 |     2 |    40 |   274 |    40 ||   368
       Spear             |    26 |    14 |       |       |       |       ||    40
       War axe           |       |     2 |    23 |       |       |       ||    25
       Staff             |       |       |    11 |    45 |       |       ||    56
       Long sword        |       |       |       |    74 |   740 |   108 ||   922
 Cast: Flame Tongue      |    57 |   122 |   258 |   199 |    69 |       ||   705
       Conjure Flame     |       |     8 |    18 |    30 |    34 |     6 ||    96
       Sticky Flame      |       |     1 |    18 |    47 |    54 |    16 ||   136
       Inner Flame       |       |     2 |    11 |     6 |    13 |       ||    32
       Fireball          |       |       |     9 |    77 |   155 |    51 ||   292
       Iskenderun's Myst |       |       |       |     1 |    29 |     6 ||    36
       Fulminant Prism   |       |       |       |       |     5 |       ||     5
       Orb of Destructio |       |       |       |       |     1 |       ||     1
Invok: Lesser Servant of |       |       |       |       |     1 |       ||     1
       Major Destruction |       |       |       |       |     1 |       ||     1
       Greater Servant o |       |       |       |       |     3 |     2 ||     5
Evoke: Wand              |       |       |       |     3 |     1 |       ||     4
  Use: Scroll            |       |     8 |    18 |    11 |     9 |     2 ||    48
       Potion            |       |     3 |     2 |       |     3 |     1 ||     9
 Stab: Sleeping          |       |     1 |     1 |     3 |    14 |       ||    19
       Petrified         |       |       |       |       |     7 |       ||     7
       Petrifying        |       |       |       |       |     1 |       ||     1
       Distracted        |       |       |       |       |     3 |       ||     3
       Confused          |       |       |       |       |       |     1 ||     1
  Eat: Chunk             |     4 |    10 |    20 |    34 |    60 |       ||   128
       Beef jerky        |       |       |     2 |     1 |     3 |       ||     6
       Pizza             |       |       |       |     1 |     3 |       ||     4
       Meat ration       |       |       |       |       |     1 |     1 ||     2
       Royal jelly       |       |       |       |       |     1 |     1 ||     2
       Fruit             |       |       |       |       |       |     2 ||     2
       Bread ration      |       |       |       |       |       |     1 ||     1
Armor: Robe              |    12 |     6 |    22 |    13 |    58 |    14 ||   125
       Steam dragon scal |       |       |       |    16 |    90 |       ||   106
       Troll leather arm |       |       |       |       |    32 |       ||    32
Dodge: Dodged            |    44 |    40 |    95 |   189 |   742 |    66 ||  1176
Block: Shield            |       |       |       |       |   217 |    72 ||   289
       Rpst.: Long sword |       |       |       |    24 |   152 |    15 ||   191
